 Dungeon Crawl Stone Soup version 0.23-a0-456-gc514d67198 (webtiles) character file.

2337 Marlight the Carver (level 9, -7/75 HPs)
             Began as a Minotaur Fighter on Nov 24, 2018.
             Was a Believer of Wu Jian.
             Mangled by an eight-headed hydra (12 damage)
             ... on level 8 of the Dungeon on Nov 25, 2018.
             The game lasted 00:27:18 (4548 turns).

Marlight the Carver (Minotaur Fighter)              Turns: 4548, Time: 00:27:20

Health: -7/75      AC: 10    Str: 28    XL:     9   Next: 19%
Magic:  8/8        EV:  8    Int:  5    God:    Wu Jian [**....]
Gold:   345        SH: 17    Dex: 11    Spells: 8/8 levels left

rFire    . . .     SeeInvis .   a - +2 long sword
rCold    . . .     Gourm    .   q - +0 large shield
rNeg     . . .     Faith    .   b - +0 scale mail
rPois    .         Spirit   .   (helmet restricted)
rElec    .         Reflect  .   (no cloak)
rCorr    .         Harm     .   o - +0 pair of gloves
MR       .....                  (no boots)
Stlth    ..........             (no amulet)
HPRegen  0.22/turn              r - +1 ring of protection
MPRegen  0.11/turn              (no ring)

@: mighty
A: retaliatory headbutt, horns 2
a: Wall Jump, Renounce Religion


You were on level 8 of the Dungeon.
You worshipped Wu Jian.
Wu Jian was pleased with you.
You were not hungry.

You visited 1 branch of the dungeon, and saw 8 of its levels.

You collected 345 gold pieces.

Inventory:

Hand Weapons
 a - a +2 long sword (weapon)
Armour
 b - a +0 scale mail (worn)
 c - a +0 shield
 o - a +0 pair of gloves (worn)
 q - a +0 large shield (worn)
Jewellery
 k - an uncursed amulet of harm
 r - a +1 ring of protection (left hand)
 t - an uncursed ring of magical power
Wands
 m - a wand of polymorph (4)
 z - a wand of digging (5)
Scrolls
 g - a scroll of identify
 i - 2 scrolls of fear
 p - a scroll of magic mapping
 u - 2 scrolls of blinking
 v - a scroll of enchant armour {unknown}
 y - a scroll of remove curse
 A - a scroll of acquirement {unknown}
Potions
 e - 2 potions of resistance {unknown}
 h - 2 potions of lignification
 j - 2 potions of berserk rage {unknown}
 l - a potion of experience {unknown}
 n - 6 potions of curing
 s - 2 potions of degeneration {unknown}
 w - a potion of agility {unknown}
Comestibles
 f - 7 rations


   Skills:
 + Level 6.1 Fighting
 + Level 9.2 Long Blades
 + Level 6.9 Armour
 + Level 3.9 Dodging
 + Level 1.2 Stealth
 + Level 8.2 Shields
 + Level 0.2 Unarmed Combat


You had 8 spell levels left.
You didn't know any spells.
Your spell library was empty.

Dungeon Overview and Level Annotations

Branches:
Dungeon (8/15)             Temple (0/1) D:5
   Lair: D:8-11

Altars:
Cheibriados
Elyvilon
Kikubaaqudgha
Uskayaw
Wu Jian

Shops:
D:5 *


Innate Abilities, Weirdness & Mutations

You reflexively headbutt those who attack you in melee.
You have a pair of horns on your head.


Message History

The six-headed hydra grows two more!
You slash the eight-headed hydra! You headbutt the eight-headed hydra!!
The eight-headed hydra is moderately wounded.
You block the giant cockroach's attack. The eight-headed hydra bites you.
* * * LOW HITPOINT WARNING * * *
The eight-headed hydra barely misses you.
You block the eight-headed hydra's attack.
The eight-headed hydra barely misses you.
The eight-headed hydra bites you.
* * * LOW HITPOINT WARNING * * *
The eight-headed hydra bites you but does no damage. x2
You block the eight-headed hydra's attack.
You hit the eight-headed hydra.
Your headbutt misses the eight-headed hydra.
The eight-headed hydra is heavily wounded.
You block the giant cockroach's attack. You block the orc's attack.
The eight-headed hydra bites you!
* * * LOW HITPOINT WARNING * * *
The eight-headed hydra bites you!
You die...

##### ###...##
#.#.o<...#.##
#...)@.......
......#Ds......
......#o.......
..... .........
..... .........
.... .##...#...
.... . #.###..
.. .. ..


You could see an eight-headed hydra, an orc priest, an orc and a giant
cockroach.

Vanquished Creatures
  A centaur skeleton (D:7)
  An ice beast (D:5)
  2 sky beasts (D:6)
  An orc warrior (D:7)
  3 ogres (D:4)
  2 centaurs
  A scorpion (D:7)
  5 killer bees (D:7)
  2 howler monkeys (D:4)
  3 crimson imps
  2 jellies (D:7)
  3 hounds
  An orc priest (D:7)
  2 iguanas
  Natasha (thrice) (D:2)
  3 orc wizards
  7 worker ants
  A killer bee zombie (D:7)
  A hound skeleton (D:6)
  A worker ant zombie (D:7)
  9 adders
  3 shadow imps
  An ooze (D:3)
  An adder skeleton (D:4)
  A worm (D:2)
  6 dart slugs
  5 leopard geckos
  14 orcs
  A ball python (D:4)
  7 bats
  5 giant cockroaches
  5 goblins
  6 hobgoblins
  10 jackals (D:7)
  6 kobolds
  5 quokkas
  7 frilled lizards
  A quokka skeleton (D:6)
  7 rats
145 creatures vanquished.

Notes
Turn   | Place    | Note
-------+----------+-------------------------------------------
     0 | D:1      | Marlight the Minotaur Fighter began the quest for the Orb.
     0 | D:1      | Reached XP level 1. HP: 19/19 MP: 0/0
    78 | D:1      | Reached XP level 2. HP: 24/27 MP: 1/1
   489 | D:2      | Reached XP level 3. HP: 26/33 MP: 2/2
   653 | D:2      | Noticed Natasha
   659 | D:2      | Killed Natasha
   659 | D:2      | Reached skill level 3 in Long Blades
   747 | D:2      | Reached XP level 4. HP: 41/41 MP: 3/3
   862 | D:2      | Noticed Natasha
   871 | D:2      | Killed Natasha
   989 | D:2      | Noticed Natasha
  1000 | D:2      | Killed Natasha
  1090 | D:2      | Found an ornate altar of the Wu Jian Council.
  1090 | D:2      | Found a snail-covered altar of Cheibriados.
  1119 | D:2      | Became a worshipper of the Wu Jian Council
  1225 | D:3      | Reached XP level 5. HP: 44/47 MP: 4/4
  1456 | D:3      | Reached skill level 5 in Shields
  1714 | D:3      | Reached skill level 1 in Dodging
  1936 | D:4      | Noticed an ogre
  1942 | D:4      | Killed an ogre
  1942 | D:4      | Reached skill level 5 in Fighting
  1942 | D:4      | Reached skill level 4 in Long Blades
  1942 | D:4      | Reached XP level 6. HP: 55/56 MP: 5/5
  1976 | D:4      | Reached skill level 5 in Armour
  2003 | D:4      | Reached skill level 5 in Long Blades
  2274 | D:4      | Reached XP level 7. HP: 58/61 MP: 6/6
  2451 | D:4      | Reached * piety under Wu Jian
  2510 | D:5      | Entered Level 5 of the Dungeon
  2728 | D:5      | Found a hide-covered altar of Uskayaw.
  2777 | D:5      | Found Hidu's General Store.
  2815 | D:5      | Found a staircase to the Ecumenical Temple.
  2937 | D:5      | Found a white marble altar of Elyvilon.
  2943 | D:5      | Reached skill level 6 in Long Blades
  3337 | D:6      | Reached XP level 8. HP: 48/69 MP: 7/7
  3548 | D:6      | Found the +8 demon blade "Leech" {vamp, rN+ AC-3 EV-3}
  3631 | D:6      | Reached skill level 7 in Long Blades
  3812 | D:7      | Reached skill level 1 in Stealth
  3857 | D:7      | Reached ** piety under Wu Jian
  3928 | D:7      | Reached skill level 8 in Long Blades
  4053 | D:7      | Found an ancient bone altar of Kikubaaqudgha.
  4130 | D:7      | Reached XP level 9. HP: 66/75 MP: 8/8
  4172 | D:7      | Reached skill level 9 in Long Blades
  4540 | D:8      | Noticed a seven-headed hydra
  4548 | D:8      | Mangled by an eight-headed hydra

Vault maps used:
D:1:      wander_arrival_desolate, minmay_misc_feat_tiny, minmay_misc_feat_five
D:2:      chequers_temple_overflow_statue_of_worship, first_ration,
          hangedman_abyss_or_decor_stabs, uniq_natasha
D:5:      minmay_temple_entry_ruins, basic_altar, serial_shops, shop,
          minmay_tree_intersection, elyvilon_altar_3
D:7:      minmay_bubble_buster, basic_altar
D:8:      old_standard_altar, gammafunk_ghost_ooze, chequers_garden

Skill      XL: |  1  2  3  4  5  6  7  8  9 |
---------------+----------------------------+-----
Fighting       | 4 5 6 |  6.1
Armour         | 4 5 6 |  6.9
Shields        | 4 5 6 7 8 |  8.2
Long Blades    | 3 4 5 6 8 9 |  9.2
Dodging        | 1 2 3 |  3.9
Stealth        | 1 |  1.2
Unarmed Combat | |  0.2

Action                   |  1- 3 |  4- 6 |  7- 9 || total
-------------------------+-------+-------+-------++-------
Melee: Long sword        |    57 |   122 |   268 ||   447
       Headbutt          |     8 |    22 |    41 ||    71
       Unarmed           |       |     3 |       ||     3
Invok: Lunge             |       |     6 |    13 ||    19
       Whirlwind         |       |       |    12 ||    12
  Use: Scroll            |     4 |     6 |     6 ||    16
       Potion            |       |     2 |     3 ||     5
  Eat: Ration            |       |     2 |     2 ||     4
Armor: Scale mail        |    26 |    47 |    86 ||   159
Dodge: Dodged            |    18 |    38 |    68 ||   124
Block: Shield            |    41 |    57 |       ||    98
       Large shield      |       |     3 |   240 ||   243
       Rpst.: Long sword |     2 |    12 |    14 ||    28

Table legend:
 A = Non-vault XP
 B = Vault XP
 C = Vault XP percentage of total XP
 D = Non-vault monster count
 E = Vault monster count
 F = Vault count percentage of total count
                 A         B        C        D         E       F
            +---------+---------+-------+---------+---------+-------
      Total |    2922 |     417 |  12.5 |     134 |      11 |   7.6
            +---------+---------+-------+---------+---------+-------
        D:1 |      35 |       0 |   0.0 |      17 |       0 |   0.0
        D:2 |     119 |      35 |  22.7 |      21 |       1 |   4.5
        D:3 |     124 |       0 |   0.0 |      22 |       0 |   0.0
        D:4 |     562 |       0 |   0.0 |      13 |       0 |   0.0
        D:5 |     289 |       0 |   0.0 |      10 |       0 |   0.0
        D:6 |     565 |       0 |   0.0 |      16 |       0 |   0.0
        D:7 |    1225 |     382 |  23.8 |      34 |      10 |  22.7
        D:8 |       3 |       0 |   0.0 |       1 |       0 |   0.0
            +---------+---------+-------+---------+---------+-------
